 Dungeon Crawl Stone Soup version 0.28-a0-1429-gf3d713df7a (webtiles) character file.

Game seed: 5306108709917359510

14581 HallandMoats the Fighter (level 11, -8/92 HPs)
             Began as a Demonspawn Fighter on Jan 9, 2022.
             Was the Champion of Jiyva.
             Mangled by Snorg (17 damage)
             ... on level 10 of the Dungeon.
             The game lasted 00:17:47 (7634 turns).

HallandMoats the Fighter (Demonspawn Fighter)       Turns: 7634, Time: 00:17:48

Health: -8/92      AC: 12    Str: 20    XL:     11   Next: 90%
Magic:  28/28      EV: 15    Int: 16    God:    Jiyva [******]
Gold:   286        SH:  5    Dex: 18    Spells: 10/10 levels left

rFire   . . .      SeeInvis .   b - +1 long sword "Gunangal" {drain, rC+ Will+}
rCold   + . .      Faith    .   c - +0 buckler
rNeg    . . .      Spirit   .   u - +1 troll leather armour
rPois   +          Reflect  .   F - +3 hat of Pondering {ponderous, Will+ MP+10 Int+5}
rElec   .          Harm     .   w - +0 cloak
rCorr   +          Rampage  .   v - +2 pair of gloves {infuse}
Will    ++...                   (boots unavailable)
Stlth   +++++.....              (no amulet)
HPRegen 2.65/turn               (no ring)
MPRegen 0.71/turn               (no ring)

@: studying Short Blades, slow
A: hooves 3, demonic guardian 3, thin skeletal structure 3, poison resistance,
wild magic 2, pseudopods 1, translucent skin 2
a: Renounce Religion, Oozemancy, Slimify


You were on level 10 of the Dungeon.
You worshipped Jiyva.
Jiyva was exalted by your worship.
You visited 2 branches of the dungeon, and saw 11 of its levels.
You also visited: Sewer.

You collected 468 gold pieces.
You spent 182 gold pieces at shops.

Inventory:

Hand Weapons
 a - a +2 vampiric war axe
 b - the +1 long sword "Gunangal" (weapon) {drain, rC+ Will+}
   (You found it on level 4 of the Dungeon)

   A truly terrible weapon, it drains the life of any living foe it strikes.
   rC:        It protects you from cold.
   Will:      It increases your willpower.
 E - a +0 trident of venom
Missiles
 i - a throwing net (quivered)
Armour
 c - a +0 buckler (worn)
 u - a +1 troll leather armour (worn)
 v - a +2 pair of gloves of infusion (worn)
 w - a +0 cloak (worn)
 y - the +0 leather armour of Muttered Phrases {*Slow rN+ Str+3 Int+2}
   (You found it in a sewer)

   Str:       It affects your strength (+3).
   Int:       It affects your intelligence (+2).
   rN:        It protects you from negative energy.
   *Slow:     It may slow you when you take damage.
 F - the +3 hat of Pondering (worn) {ponderous, Will+ MP+10 Int+5}
   (You found it on level 9 of the Dungeon)

   Int:       It affects your intelligence (+5).
   MP:        It affects your magic capacity (+10).
   Will:      It increases your willpower.
Jewellery
 d - the ring "Untanur" {rElec rPois Will++ Int+6 Dex+4 Slay-5}
   (You found it on level 6 of the Dungeon)

   [ring of intelligence]

   Int:       It affects your intelligence (+6).
   Dex:       It affects your dexterity (+4).
   Slay:      It affects your accuracy & damage with ranged weapons and melee
   (-5).
   rElec:     It insulates you from electricity.
   rPois:     It protects you from poison.
   Will:      It greatly increases your willpower.
 h - a +6 ring of intelligence
Wands
 B - a wand of mindburst (17)
Scrolls
 e - 2 scrolls of teleportation
 l - 2 scrolls of magic mapping
 n - a scroll of identify
 o - 2 scrolls of amnesia
 p - a scroll of enchant armour
 t - a scroll of fog
Potions
 f - a potion of attraction {unknown}
 g - 2 potions of brilliance
 j - a potion of lignification
 k - 3 potions of heal wounds
 m - 2 potions of mutation
 q - 2 potions of invisibility
 r - a potion of curing
 x - 2 potions of haste
 z - 2 potions of might
 A - 2 potions of cancellation


   Skills:
 * Level 10.9 Fighting
 + Level 7.7 Axes
 + Level 7.9 Armour
 + Level 7.3 Dodging
 - Level 4.0 Shields
 + Level 10.4 Invocations


You had 10 spell levels left.
You didn't know any spells.
Your spell library contained the following spells:

 Spells                   Type           Power      Damage    Failure   Level
 Ensorcelled Hibernation  Hex/Ice        0%         N/A       67%         2
 Spider Form              Tmut/Pois      0%         N/A       87%         3
 Dispersal                Tloc           0%         N/A       100%        6
 Disjunction              Tloc           0%         N/A       100%        8


Dungeon Overview and Level Annotations

Branches:
Dungeon (10/15)            Temple (0/1) D:6            Lair (1/6) D:8
  Sewer (visited)
    Orc: D:9-12

Altars:
Ashenzari
Elyvilon
Fedhas
Nemelex Xobeh
Qazlal
Sif Muna
Uskayaw
Vehumet
Wu Jian
Yredelemnul
The Shining One
Jiyva

Shops:
D:3 [   D:10 (

Annotations:
D:9 exclusion: obsidian statue
D:10 Snorg


Innate Abilities, Weirdness & Mutations

You have hooves in place of feet.
A powerful demonic guardian rushes to your aid.
You have an unnaturally thin skeletal structure. (Dex +6, Stealth+++)
Your system is resistant to poisons. (rPois)
Your spells are harder to cast, but more powerful.
Armour fits poorly on your pseudopods.
Your translucent skin reduces your foes' accuracy. (Stealth+)


Message History

Snorg bites you but does no damage. Snorg closely misses you. Snorg claws you.
Snorg bites you. Snorg claws you but does no damage. x2
You barely miss Snorg. Your kick misses Snorg. You bludgeon Snorg.
Snorg is severely wounded.
You block Snorg's attack. Snorg barely misses you. Snorg claws you!
A demonic guardian appears!
Snorg bites you.
* * * LOW HITPOINT WARNING * * *
Snorg claws you but does no damage. Snorg claws you!
* * * LOW HITPOINT WARNING * * *
Snorg completely misses you. Snorg misses you. x2
Snorg misses you. Snorg barely misses you. Snorg claws you.
* * * LOW HITPOINT WARNING * * *
Your soul eater hits Snorg!!
You swap places.
Snorg bites the jelly!!
Snorg is burned by acid!
Snorg claws the jelly!
The jelly dies!
Your soul eater barely misses Snorg.
You hear a distant slurping noise.
Snorg bites you.
* * * LOW HITPOINT WARNING * * *
Snorg claws you but does no damage. Snorg claws you.
* * * LOW HITPOINT WARNING * * *
You hear a distant slurping noise.
What are your orders? t - Shout!
Orders for allies: a - Attack new target. p - Attack previous target. r - Retreat! s - Stop attacking. g - Guard the area. f - Follow me.
Anything else - Cancel.
Gang up on whom?
Press: ? - help, Dir - move target, f/p - Snorg
Aim: Snorg (severely wounded, berserk, lightly drained, ally target) Attack!
Snorg bites you!!
* * * LOW HITPOINT WARNING * * *
Snorg claws you but does no damage. You block Snorg's attack.
Snorg rages.
Snorg barely misses you. Snorg closely misses you.
Snorg claws you but does no damage. Snorg bites you!
You die...

###########
#.........# #
#.........# #
#.........#####
#.........#...'
###...........###
###.3.........###
# #.@T#.........#
#
+..###.........#
# ### ####+######
# # #


You could see Snorg (berserk, drained, ally target) and a friendly soul eater
(summoned).

Vanquished Creatures
  Harold (D:10)
  A centaur warrior (D:9)
  A two-headed ogre (D:10)
  An orc high priest (D:10)
  Pikel (D:5)
  3 ugly things (D:9)
  A cane toad (Lair:1)
  Psyche (D:10)
  A komodo dragon (D:8)
  A troll (D:9)
  10 yaks
  A shadow (D:10)
  A wyvern (D:8)
  A basilisk (D:8)
  2 vampire mosquitoes (D:8)
  2 steam dragons
  2 water moccasins
  2 orc warriors
  An ice beast (D:7)
  2 sky beasts
  3 ogres
  3 centaurs
  5 kobold brigands
  A bullfrog (D:7)
  A wyvern zombie (D:6)
  3 scorpions
  3 killer bees (D:9)
  A howler monkey (D:7)
  An orc priest (D:8)
  2 centaur skeletons
  An iguana (D:5)
  3 orc wizards
  A howler monkey zombie (D:7)
  3 gnolls
  7 adders
  4 river rats (Sewer)
  2 white imps
  An adder skeleton (D:4)
  A worm (D:6)
  2 dart slugs (D:3)
  16 orcs
  A ball python (D:4)
  7 bats
  4 giant cockroaches
  11 goblins
  5 hobgoblins
  A quokka (D:4)
  3 frilled lizards
  33 kobolds
  15 rats
180 creatures vanquished.

Vanquished Creatures (collateral kills)
  A fire giant (D:9)
  A hydra (D:9)
  2 two-headed ogres
  2 centaur warriors (D:9)
  Prince Ribbit (D:8)
  A troll (D:9)
  A yak (D:8)
  2 basilisks (D:8)
  A steam dragon (D:8)
  2 vampire mosquitoes (D:8)
  A necrophage (D:7)
  A scorpion (D:5)
  A centaur zombie (D:9)
  Robin (D:3)
  2 worms
  An orc (D:6)
  A hobgoblin (D:3)
  2 kobolds (D:8)
  2 goblins (D:3)
  2 rats (Sewer)
28 creatures vanquished.

Vanquished Creatures (others)
  A guardian serpent (shapeshifter) (D:10)
  A meliai (D:9)
  2 slime creatures (D:9)
  A phantom (D:5)
  3 killer bees (D:9)
  4 wights (D:10)
  23 jellies
  An orc wizard (D:8)
  2 howler monkey zombies
  4 adders
  2 river rats (Sewer)
  A white imp (D:6)
  A dart slug (D:4)
  2 endoplasms
  2 orcs (D:8)
  2 goblins (D:3)
  A quokka (D:4)
  2 ball pythons
  A bat (D:3)
  A frilled lizard (Sewer)
  2 kobolds (D:8)
  3 rats (Sewer)
  4 plants
66 creatures vanquished.

Grand Total: 274 creatures vanquished

Notes
Turn   | Place    | Note
-------+----------+-------------------------------------------
     0 | D:1      | HallandMoats the Demonspawn Fighter began the quest for the
                  | Orb.
     0 | D:1      | Reached XP level 1. HP: 18/18 MP: 1/1
   318 | D:1      | Gained mutation: A weak demonic guardian rushes to your
                  | aid. [demonic ancestry]
   318 | D:1      | Reached XP level 2. HP: 23/24 MP: 2/2
   704 | D:1      | Found a faded altar of an unknown god.
   823 | D:1      | Prayed at the altar of an unknown god.
   823 | D:1      | Became a worshipper of Jiyva Jilyng the Shapeless
   823 | D:1      | Reached * piety under Jiyva
   903 | D:2      | Reached skill level 1 in Invocations
   980 | D:2      | Reached XP level 3. HP: 17/29 MP: 3/3
  1097 | D:2      | Reached ** piety under Jiyva
  1347 | D:3      | Found Arymaucs's Antique Armour Emporium.
  1458 | D:2      | Reached XP level 4. HP: 35/35 MP: 5/5
  1521 | D:3      | Noticed Robin
  1525 | D:3      | Reached skill level 1 in Dodging
  1539 | D:3      | Killed Robin
  1662 | D:3      | Reached *** piety under Jiyva
  1873 | D:4      | Identified the +1 long sword "Gunangal" {drain, rC+ Will+}
  1908 | D:4      | Noticed a sky beast
  1921 | D:4      | Killed a sky beast
  1922 | D:4      | Reached XP level 5. HP: 36/41 MP: 6/6
  1945 | D:4      | Noticed a +0 spear
  1945 | D:4      | Noticed a +0 falchion
  1945 | D:4      | Noticed a +0 falchion
  1945 | D:4      | Noticed a +0 dagger
  1945 | D:4      | Noticed a +0 dagger
  1945 | D:4      | Noticed a +0 short sword
  1945 | D:4      | Noticed a +0 short sword
  1945 | D:4      | Noticed a +0 spear
  1957 | D:4      | Found a hide-covered altar of Uskayaw.
  2229 | D:4      | Found a shimmering blue altar of Sif Muna.
  2550 | D:5      | Entered Level 5 of the Dungeon
  2608 | D:5      | Noticed an ogre
  2614 | D:5      | Killed an ogre
  2615 | D:5      | Gained mutation: A demonic guardian rushes to your aid.
                  | [demonic ancestry]
  2615 | D:5      | Reached XP level 6. HP: 48/48 MP: 6/8
  2671 | D:5      | Reached **** piety under Jiyva
  2673 | D:5      | Gained mutation: Your system is resistant to poisons.
                  | (rPois) [Jiyva's grace]
  2673 | D:5      | Gained mutation: Your translucent skin slightly reduces
                  | your foes' accuracy. (Stealth+) [Jiyva's grace]
  2673 | D:5      | Gained mutation: Your translucent skin reduces your foes'
                  | accuracy. (Stealth+) [Jiyva's grace]
  2673 | D:5      | Gained mutation: Your transparent skin significantly
                  | reduces your foes' accuracy. (Stealth+) [Jiyva's grace]
  2698 | D:5      | Noticed Pikel
  2719 | D:5      | Killed Pikel
  2720 | D:5      | Gained mutation: A powerful demonic guardian rushes to your
                  | aid. [demonic ancestry]
  2720 | D:5      | Reached XP level 7. HP: 55/55 MP: 7/10
  2828 | D:5      | Found a sparkling altar of Nemelex Xobeh.
  3374 | D:6      | Noticed a two-headed ogre
  3397 | D:6      | HP: 1/55 [two-headed ogre (6)]
  3401 | D:6      | Killed a two-headed ogre
  3402 | D:6      | Reached skill level 5 in Fighting
  3402 | D:6      | Reached skill level 5 in Armour
  3402 | D:6      | Reached skill level 5 in Invocations
  3402 | D:6      | Reached XP level 8. HP: 12/63 MP: 10/12
  3435 | D:6      | Identified the ring "Untanur" {rElec rPois Will++ Int+6
                  | Dex+4 Slay-5}
  3470 | D:6      | Found a stormy altar of Qazlal.
  3529 | D:6      | Reached ***** piety under Jiyva
  3530 | D:6      | Found a staircase to the Ecumenical Temple.
  3544 | D:6      | Found an ornate altar of the Wu Jian Council.
  3626 | D:6      | Found a glowing drain.
  3630 | Sewer    | Entered a sewer
  3936 | Sewer    | Identified the +0 leather armour of Muttered Phrases {*Slow
                  | rN+ Str+3 Int+2}
  4452 | D:7      | Gained mutation: You have large cloven feet. [demonic
                  | ancestry]
  4452 | D:7      | Reached XP level 9. HP: 69/69 MP: 11/13
  4478 | D:7      | Reached skill level 5 in Axes
  4718 | D:7      | Found a basalt altar of Yredelemnul.
  4934 | D:7      | Lost mutation: Your transparent skin significantly reduces
                  | your foes' accuracy. (Stealth+) [Jiyva's grace]
  4934 | D:7      | Gained mutation: Your spells are a little harder to cast,
                  | but a little more powerful. [Jiyva's grace]
  4934 | D:7      | Gained mutation: Your spells are harder to cast, but more
                  | powerful. [Jiyva's grace]
  4934 | D:7      | Gained mutation: Your spells are much harder to cast, but
                  | much more powerful. [Jiyva's grace]
  4934 | D:7      | Gained mutation: You have a small jelly attached to you
                  | that senses nearby items. [Jiyva's grace]
  5052 | D:8      | Reached skill level 5 in Dodging
  5077 | D:8      | Noticed a two-headed ogre
  5083 | D:8      | Killed a two-headed ogre
  5089 | D:8      | Gained mutation: You have hoof-like feet. [demonic
                  | ancestry]
  5089 | D:8      | Reached XP level 10. HP: 77/80 MP: 13/15
  5146 | D:8      | Found a broken altar of Ashenzari.
  5224 | D:8      | Found a blossoming altar of Fedhas.
  5307 | D:8      | Noticed Prince Ribbit
  5311 | D:8      | Killed Prince Ribbit
  5423 | D:8      | Found a radiant altar of Vehumet.
  5605 | D:8      | Reached ****** piety under Jiyva
  5675 | D:8      | Found a staircase to the Lair.
  6130 | Lair:1   | Entered Level 1 of the Lair of Beasts
  6143 | Lair:1   | Noticed a cane toad
  6152 | Lair:1   | Killed a cane toad
  6670 | D:9      | Noticed a centaur warrior
  6683 | D:9      | Killed a centaur warrior
  6739 | D:9      | Found the +3 hat of Pondering {ponderous, Will+ MP+10
                  | Int+5}
  6751 | D:9      | Gained mutation: You have hooves in place of feet. [demonic
                  | ancestry]
  6751 | D:9      | Reached XP level 11. HP: 89/89 MP: 17/17
  6803 | D:9      | Noticed an obsidian statue
  6905 | D:9      | Noticed an eight-headed hydra
  6914 | D:9      | Killed a nine-headed hydra
  6916 | D:9      | Noticed a fire giant
  6920 | D:9      | Killed a fire giant
  6933 | D:9      | Noticed a centaur warrior
  6942 | D:9      | Killed a centaur warrior
  6943 | D:9      | Reached skill level 10 in Fighting
  6959 | D:9      | Noticed a centaur warrior
  6960 | D:9      | Noticed a brown ugly thing
  6982 | D:9      | Killed a centaur warrior
  6986 | D:9      | Killed a brown ugly thing
  7189 | D:10     | Entered Level 10 of the Dungeon
  7219 | D:10     | Noticed Psyche
  7228 | D:10     | Killed Psyche
  7246 | D:10     | Noticed Harold
  7267 | D:10     | Killed Harold
  7268 | D:10     | Reached skill level 10 in Invocations
  7301 | D:10     | Found Asmuv's Antique Weapon Shoppe.
  7309 | D:10     | Bought a glowing war axe for 182 gold pieces
  7393 | D:10     | Noticed an orc high priest
  7393 | D:10     | Noticed a purple ugly thing
  7393 | D:10     | Noticed a green ugly thing
  7397 | D:10     | Noticed a sun demon
  7397 | D:10     | Noticed a soul eater
  7431 | D:9      | Killed a green ugly thing
  7449 | D:9      | Killed a white ugly thing
  7475 | D:10     | Killed an orc high priest
  7516 | D:10     | Noticed a seven-headed hydra
  7553 | D:10     | Lost mutation: Your spells are much harder to cast, but
                  | much more powerful. [Jiyva's grace]
  7553 | D:10     | Lost mutation: You have a small jelly attached to you that
                  | senses nearby items. [Jiyva's grace]
  7553 | D:10     | Gained mutation: You have a somewhat thin skeletal
                  | structure. (Dex +2, Stealth+) [Jiyva's grace]
  7553 | D:10     | Gained mutation: You have a moderately thin skeletal
                  | structure. (Dex +4, Stealth++) [Jiyva's grace]
  7553 | D:10     | Gained mutation: You have an unnaturally thin skeletal
                  | structure. (Dex +6, Stealth+++) [Jiyva's grace]
  7553 | D:10     | Gained mutation: Armour fits poorly on your pseudopods.
                  | [Jiyva's grace]
  7583 | D:10     | Noticed a two-headed ogre
  7593 | D:10     | Killed a two-headed ogre
  7606 | D:10     | Noticed Snorg
  7632 | D:10     | HP: 3/92 [Snorg (20)]
  7634 | D:10     | Mangled by Snorg

Illustrated notes

Levels and vault maps discovered:
D:1:      lightli_arrival_boilingwater, layout_loops_cross,
          shapermc_ecumenical_altar_mp_vishouse
D:2:      layout_rooms, hangedman_feature_mirror,
          nicolae_elevator_lobby_asterisk
D:3:      layout_rooms, serial_shops, nicolae_shop_competitors_out_of_business,
          minmay_misc_feat_plants, amcnicky_mini_corridor_feature, uniq_robin
D:4:      layout_loops_ring, nicolae_uskayaw_en_pointe,
          mainiacjoe_overflow_boulevard, hex_medium, minmay_manual_maat
D:5:      layout_basic, nemelex_dance_club_becter, tso_metal_star,
          grunt_ministairs_6, hangedman_decor_slide_cut,
          chequers_serial_rivers_large_a, uniq_pikel
D:6:      layout_loops_ring, mainiacjoe_overflow_tiny_flanked,
          mainiacjoe_overflow_catwalk, minmay_temple_entry_stoned_glass,
          gup_sewer_entry_spiral
D:7:      layout_cave_pools, kennysheep_ying_yang
D:8:      layout_basic, lemuel_tele_altar, kennysheep_mini_moat,
          fedhas_ov_isle_minmay, erik_lair_dragon, dk_noncrumbling_3,
          uniq_prince_ribbit1
D:9:      layout_basic, minivault_15, minmay_evil_grid
D:10:     layout_roguey, serial_shops, shop_statue, nicolae_rejected_hall,
          uniq_snorg, uniq_erolcha, uniq_harold, uniq_psyche
Lair:1:   layout_hall_layers, infiniplex_staircase_pool, grunt_megastairs_3

Skill      XL: |  1  2  3  4  5  6  7  8  9 10 11 |
---------------+----------------------------------+-----
Shields        | 3 4 |  4.0
Axes           | 2 3 4 5 6 7 |  7.7
Invocations    | 1 2 3 4 5 6 7 9 10 | 10.4
Armour         | 3 4 5 6 7 |  7.9
Dodging        | 1 2 3 4 5 6 7 |  7.3
Fighting       | 4 5 6 7 9 10 | 10.9

Action                   |  1- 3 |  4- 6 |  7- 9 | 10-12 || total
-------------------------+-------+-------+-------+-------++-------
Melee: War axe           |    91 |    34 |       |       ||   125
       Long sword        |       |    71 |   207 |   257 ||   535
       Kick              |       |       |    26 |    70 ||    96
       Pseudopods        |       |       |       |     4 ||     4
  Use: Potion            |       |     2 |       |     3 ||     5
       Scroll            |       |       |     5 |    13 ||    18
 Stab: Sleeping          |       |       |     5 |     3 ||     8
       Invisible         |       |       |       |     1 ||     1
Armor: Scale mail        |    41 |    40 |       |       ||    81
       Skin              |       |     3 |       |       ||     3
       Troll leather arm |       |     5 |    78 |   164 ||   247
Dodge: Dodged            |    48 |    68 |   205 |   331 ||   652
Block: Buckler           |    33 |    31 |    71 |   118 ||   253

Table legend: (Time is in decaauts)
 A = Elapsed time spent in this place.
 B = Non-inter-level travel time spent in this place.
 C = Inter-level travel time spent in this place.
 D = Time resting spent in this place.
 E = Time spent auto-exploring this place.
 F = Levels seen in this place.
 G = Mean time per level.
                   A        B        C        D        E       F      G
               +--------+--------+--------+--------+--------+-----+--------+
         Total |   8085 |   7361 |    724 |    201 |   4853 |  12 |  673.8 |
       Dungeon |   7560 |   6837 |    723 |    201 |   4601 |  10 |  756.0 |
          Lair |     50 |     50 |      0 |      0 |      2 |   1 |   50.0 |
         Sewer |    473 |    473 |      0 |      0 |    250 |   1 |  473.0 |
               +--------+--------+--------+--------+--------+-----+--------+

Top non-repeatable levels by time:
     D:9: 1095 daAuts
     D:8: 1042 daAuts
     D:1: 909 daAuts
     D:5: 868 daAuts
     D:4: 815 daAuts
     D:6: 720 daAuts
     D:7: 572 daAuts
     D:3: 572 daAuts
     D:2: 518 daAuts
   Sewer: 473 daAuts
    D:10: 445 daAuts
  Lair:1: 50 daAuts
